 Dungeon Crawl Stone Soup version bcrawl-1.17.3 (webtiles) character file.

Game seed: 12897531573381970791

452 Gumption the Skirmisher (level 7, -2/63 HPs)
             Began as a Hill Orc Archaeologist on Oct 19, 2019.
             Was an Initiate of Beogh.
             Slain by a sky beast (5 damage)
             ... on level 4 of the Dungeon.
             The game lasted 00:33:09 (4589 turns).

Gumption the Skirmisher (Hill Orc Archaeologist)    Turns: 4589, Time: 00:33:09

Health: -2/63      AC: 13    Str: 16    XL:     7   Next: 4%
Magic:  9/9        EV:  2    Int: 14    God:    Beogh [......]
Gold:   168        SH: 10    Dex:  9    Spells: 6/6 levels left

rFire    . . .     SeeInvis .   a - +0 spear (venom)
rCold    . . .     Gourm    .   y - +0 large shield
rNeg     . . .     Faith    .   p - +0 chain mail
rPois    .         Spirit   .   c - +1 hat
rElec    .         Reflect  .   (no cloak)
rCorr    .         Harm     .   (no gloves)
MR       .....                  d - +2 pair of boots
Stlth    ..........             (no amulet)
HPRegen  0.20/turn              q - +1 ring of slaying
MPRegen  0.11/turn              (no ring)

@: lethally poisoned (-2 -> -6), studying Fighting, drained
A: no striking features
a: Renounce Religion


You were on level 4 of the Dungeon.
You worshipped Beogh.
Beogh was noncommittal.
You were not hungry.

You visited 1 branch of the dungeon, and saw 4 of its levels.

You collected 168 gold pieces.

Inventory:

Hand Weapons
 a - a +0 spear of venom (weapon)
 o - a +1 short sword of holy wrath
 t - a +2 dagger of draining
 w - a +0 blowgun
Missiles
 h - 579 sling bullets
Armour
 c - a +1 hat (worn)
 d - a +2 pair of boots (worn)
 p - a +0 chain mail (worn)
 y - a +0 large shield (worn)
Jewellery
 q - a +1 ring of slaying (left hand)
Scrolls
 i - a scroll of magic mapping
 m - a scroll of blinking {unknown}
 v - 2 scrolls of teleportation
Potions
 j - a potion of heal wounds {unknown}
 k - 3 potions of degeneration {unknown}
 r - 2 potions of magic {unknown}
 s - a potion of flight {unknown}
 u - a potion of curing {unknown}
 x - a potion of lignification {unknown}
Books
 g - a manual of Fighting
Miscellaneous
 f - an ancient crate
Comestibles
 b - a chunk of flesh
 e - 4 rations {!d}


   Skills:
 * Level 6.1(5.4) Fighting
   Level 6.1(5.4) Short Blades
   Level 6.1(5.4) Long Blades
   Level 6.1(5.4) Axes
   Level 6.1(5.4) Maces & Flails
   Level 6.1(5.4) Polearms
   Level 6.1(5.4) Staves
 + Level 3.1(2.5) Armour
 - Level 2.4(1.8) Dodging
 - Level 2.6(2.0) Stealth
 + Level 0.6(0.0) Shields
   Level 6.1(5.4) Unarmed Combat
 + Level 3.5(2.8) Invocations


You had 6 spell levels left.
You didn't know any spells.
Your spell library was empty.

Dungeon Overview and Level Annotations

Branches:
Dungeon (4/12)
 Temple: D:4-7

Altars:
Hepliaklqana
Trog

Annotations:
D:2 Sigmund


Message History

Anything else - Cancel.
Okay, then. 2 orcs come into view.
You feel sick.
The orc shouts! x2
An orc comes into view. It is wielding a +0 club.
You feel sick.
The orc shouts!
You hear a shout!
You feel sick.
You hit the orc but do no damage.
You feel sick. You block the orc's attack. The sky beast hits you.
* * * LOW HITPOINT WARNING * * *
The sky beast shocks you.
* * * LOW HITPOINT WARNING * * *
Your shield prevents you from hitting the orc.
You block the killer bee's attack. You block the orc's attack.
You block the killer bee's attack. The sky beast hits you.
* * * LOW HITPOINT WARNING * * *
The sky beast shocks you.
You die...

#.######.########.......#
#.######.#***** #.......#########
..........,,,.###.......#........
######.....,,............÷.######
# *,#.###*.###....)..##.# #
*,#.#***,* #.......##(#
*,*....,,* #.......##.#
******,*,.....#####........#
*,,,,,,,,.....oo@Y...#######
*,*,***,,.....o..y...#### *,*,*
*,,.....#####.#...#### *,*,*
*,,....,* ##..###...# *,*,*
*,*###,,* #...# #..># *,*,***,*
*,,* ##..###...# *,*,,,,,* *,,*
###†.....# *,*,,**** *,,*
##.....###### *,#,,##*****,,*
#...........


You could see a sky beast, a killer bee and 3 orcs.

Vanquished Creatures
  An ogre (D:4)
  2 killer bees (D:4)
  A crimson imp (D:4)
  A jelly (D:4)
  2 orc priests
  An orc wizard (D:3)
  An iguana (D:4)
  3 adders
  An ooze (D:2)
  A worm (D:2)
  4 leopard geckos
  8 orcs
  5 ball pythons
  12 bats
  5 giant cockroaches
  5 goblins
  3 hobgoblins
  8 jackals
  3 quokkas
  2 frilled lizards
  3 kobolds (D:1)
  6 rats
78 creatures vanquished.

Vanquished Creatures (others)
  2 orcs (D:3)
  A kobold (D:3)
3 creatures vanquished.

Grand Total: 81 creatures vanquished

Notes
Turn   | Place    | Note
-------+----------+-------------------------------------------
     0 | D:1      | Gumption the Hill Orc Archaeologist began the quest for the
                  | Orb.
     0 | D:1      | Reached XP level 1. HP: 15/15 MP: 1/1
    21 | D:1      | Reached skill level 1 in Fighting
   342 | D:1      | Reached XP level 2. HP: 23/23 MP: 2/2
   457 | D:1      | Reached skill level 2 in Fighting
   747 | D:1      | Reached XP level 3. HP: 19/29 MP: 3/3
  1457 | D:2      | HP: 1/30 [quokka (3)]
  1458 | D:2      | Reached skill level 3 in Fighting
  2018 | D:2      | Noticed Sigmund
  2125 | D:2      | Reached XP level 4. HP: 38/38 MP: 4/4
  2373 | D:2      | Reached skill level 1 in Armour
  2488 | D:3      | Became a worshipper of Beogh the Brigand
  2792 | D:3      | Reached skill level 4 in Fighting
  2792 | D:3      | Reached skill level 1 in Invocations
  2792 | D:3      | Reached XP level 5. HP: 32/46 MP: 5/5
  2943 | D:3      | Found a bloodstained altar of Trog.
  3190 | D:3      | Found a hazy altar of Hepliaklqana.
  3850 | D:4      | Reached skill level 5 in Fighting
  3850 | D:4      | Reached XP level 6. HP: 47/56 MP: 7/7
  4560 | D:4      | Noticed a sky beast
  4579 | D:4      | Reached skill level 6 in Fighting
  4579 | D:4      | Reached XP level 7. HP: 22/63 MP: 9/9
  4589 | D:4      | HP: 3/63 [sky beast (3)]
  4589 | D:4      | Slain by a sky beast

Skill      XL: |  1  2  3  4  5  6 |
---------------+-------------------+-----
Fighting       | 1 2 3 4 5 6 |  6.1
Armour         | 1 2 3 |  3.1
Invocations    | 1 2 3 |  3.5
Short Blades   | |  6.1
Long Blades    | |  6.1
Axes           | |  6.1
Maces & Flails | |  6.1
Polearms       | |  6.1
Staves         | |  6.1
Dodging        | |  2.4
Stealth        | |  2.6
Shields        | |  0.6
Unarmed Combat | |  6.1

Action                   |  1- 3 |  4- 6 |  7- 9 || total
-------------------------+-------+-------+-------++-------
Melee: Whip              |    96 |       |       ||    96
       Short sword       |    96 |    36 |       ||   132
       Dagger            |       |   124 |       ||   124
       Spear             |       |    12 |     4 ||    16
Invok: Convert to Beogh  |       |     1 |       ||     1
  Use: Scroll            |       |     6 |       ||     6
 Stab: Sleeping          |     6 |     1 |       ||     7
  Eat: Chunk             |     4 |     5 |       ||     9
       Ration            |       |     1 |       ||     1
Armor: Robe              |    72 |    11 |       ||    83
       Skin              |       |     1 |       ||     1
       Ring mail         |       |    32 |       ||    32
       Chain mail        |       |    18 |     1 ||    19
Dodge: Dodged            |   118 |    74 |     1 ||   193
Block: Large shield      |       |    10 |     4 ||    14
